 Dungeon Crawl Stone Soup version 0.21.1-1-g345015f (webtiles) character file.

230 prawnwizard the Chopper (level 5, 0/47 HPs)
             Began as a Minotaur Berserker on July 14, 2018.
             Was a Believer of Trog.
             Succumbed to Blork the orc's poison
             ... on level 3 of the Dungeon.
             The game lasted 00:01:45 (1912 turns).

prawnwizard the Chopper (Minotaur Berserker)        Turns: 1912, Time: 00:01:45

Health: 0/47       AC: 11    Str: 22    XL:     5   Next: 72%
Magic:  4/4        EV:  9    Int:  4    God:    Trog [**....]
Gold:   138        SH:  0    Dex: 10    Spells: 4/4 levels left

rFire    . . .     SeeInvis .   a - +0 hand axe
rCold    . . .     Gourm    .   (no shield)
rNeg     . . .     Faith    .   l - +0 chain mail
rPois    .         Spirit   .   (helmet restricted)
rElec    .         Reflect  .   (no cloak)
rCorr    .         Harm     .   (no gloves)
MR       .....                  f - +1 pair of boots
Stlth    ..........             (no amulet)
HPRegen  0.15/turn              (no ring)
MPRegen  0.09/turn              (no ring)

@: lethally poisoned (0 -> -18)
A: retaliatory headbutt, horns 2
a: Berserk, Trog's Hand, Burn Spellbooks, Renounce Religion


You were on level 3 of the Dungeon.
You worshipped Trog.
Trog was pleased with you.
You were hungry.

You visited 1 branch of the dungeon, and saw 3 of its levels.

You collected 138 gold pieces.

Inventory:

Hand Weapons
 a - a +0 hand axe (weapon)
Armour
 b - a +0 animal skin
 f - a +1 pair of boots (worn)
 l - a +0 chain mail (worn)
Wands
 o - a wand of clouds (3)
 s - a wand of enslavement (12)
Scrolls
 e - a scroll of fear {unknown}
 i - a scroll of remove curse {unknown}
 j - 3 scrolls of identify {unknown}
 m - 2 scrolls of teleportation {unknown}
 n - a scroll of fog {unknown}
 p - a scroll of magic mapping {unknown}
 q - a scroll of immolation {unknown}
Potions
 d - 3 potions of heal wounds {unknown}
 g - a potion of flight {unknown}
 h - a potion of lignification {unknown}
 k - 3 potions of cancellation {unknown}
 r - 2 potions of invisibility {unknown}
 t - a potion of curing {unknown}
Comestibles
 c - 7 rations


   Skills:
 + Level 4.7 Fighting
 * Level 5.6 Axes
 + Level 3.8 Armour
 + Level 3.5 Dodging


You had 4 spell levels left.
You didn't know any spells.

Dungeon Overview and Level Annotations

Branches:
Dungeon (3/15)

Altars:
Qazlal

Annotations:
D:3 Blork the orc


Innate Abilities, Weirdness & Mutations

You reflexively headbutt those who attack you in melee.
You have a pair of horns on your head.


Message History

You feel sick.
Blork the orc screams, "I'll break your legs!"
Blork the orc closely misses you.
You feel sick.
Blork the orc points at you and mumbles some strange words.
The puff of frost hits you!
You feel sick.
You feel sick.
You feel sick.
Blork the orc hits you but does no damage.
You are lethally poisoned!
You feel sick.
You feel sick.
You feel sick. Blork the orc casts a spell at you. The puff of frost hits you!
* * * LOW HITPOINT WARNING * * *
* * * LOW HITPOINT WARNING * * *
You feel sick.
You die...

#.......#..#
##......#..#
##......#...
#.......#...#
#.#..####...#
##.##.# #...#
#...#..# #....
#...#..# ###.#
###@..###.
##.......###
##.........#
#....≈≈≈....#
#...≈≈≈≈≈...#
#...≈≈o..≈≈...
#...≈≈.>.≈≈...
#...≈≈...≈≈...
##...≈≈≈≈≈...#


You could see Blork the orc.

Vanquished Creatures
  The ghost of KappaVara the Ruffian, an amateur TrFi (D:3)
  Ijyb (D:2)
  A gnoll (D:1)
  2 worms
  4 bats
  2 giant cockroaches
  14 goblins
  6 hobgoblins
  A frilled lizard (D:1)
  3 kobolds
  4 rats (D:1)
39 creatures vanquished.

Notes
Turn   | Place    | Note
-------+----------+-------------------------------------------
     0 | D:1      | prawnwizard the Minotaur Berserker began the quest for the Orb.
     0 | D:1      | Reached XP level 1. HP: 19/19 MP: 0/0
   324 | D:1      | Reached XP level 2. HP: 18/27 MP: 1/1
   325 | D:1      | Reached skill level 4 in Axes
   659 | D:2      | Reached XP level 3. HP: 33/33 MP: 2/2
   859 | D:2      | Noticed Ijyb
   866 | D:2      | Reached ** piety under Trog
   875 | D:2      | Killed Ijyb
   875 | D:2      | Reached XP level 4. HP: 33/40 MP: 3/3
  1578 | D:3      | Found a stormy altar of Qazlal.
  1578 | D:3      | Noticed KappaVara's ghost (amateur TrFi)
  1593 | D:3      | Killed KappaVara's ghost
  1593 | D:3      | Reached skill level 5 in Axes
  1593 | D:3      | Reached XP level 5. HP: 12/47 MP: 4/4
  1897 | D:3      | Noticed Blork the orc
  1910 | D:3      | HP: 2/47 [Blork the orc/puff of frost (13)]
  1912 | D:3      | Succumbed to Blork the orc's poison

Skill      XL: |  1  2  3  4 |
---------------+-------------+-----
Axes           | 4 5 |  5.6
Fighting       | 4 |  4.7
Armour         | 3 |  3.8
Dodging        | 3 |  3.5

Action                   |  1- 3 |  4- 6 || total
-------------------------+-------+-------++-------
Melee: Hand axe          |    61 |    15 ||    76
       Headbutt          |     9 |     8 ||    17
Invok: Berserk           |       |     1 ||     1
 Stab: Sleeping          |     1 |       ||     1
  Eat: Chunk             |       |     3 ||     3
Armor: Animal skin       |     9 |       ||     9
       Chain mail        |    15 |     9 ||    24
Dodge: Dodged            |    35 |     8 ||    43
